 Dungeon Crawl Stone Soup version 0.18.1-2-ga659475 (webtiles) character file.

9543 oplop the Transmogrifier (level 11, 0/74 HPs)
             Began as an Octopode Transmuter on May 8, 2016.
             Was a Priest of Cheibriados.
             Slain by a hill giant
             ... wielding a +0 giant club
              (20 damage)
             ... on level 13 of the Dungeon.
             The game lasted 00:29:32 (13152 turns).

oplop the Transmogrifier (Octopode Transmuter)     Turns: 13152, Time: 00:29:33

Health: 0/74       AC:  1    Str: 19    XL:     11   Next: 48%
Magic:  15/20      EV: 18    Int: 31    God:    Cheibriados [***...]
Gold:   531        SH:  0    Dex: 20    Spells: 5 memorised, 7 levels left

rFire  . . .     SeeInvis .       - Unarmed
rCold  . . .     Gourm    .     (shield currently unavailable)
rNeg   . . .     Faith    .     (helmet restricted)
rPois  +         Spirit   .     (no amulet)
rElec  .         Dismiss  .     l - ring of stealth
rCorr  .         Reflect  .     u - ring of poison resistance
SustAt .         Harm     .     y - ring of stealth
MR     .....                    H - ring of flight
Stlth  +++++.....               J - +3 ring of intelligence
                                (no ring)
                                (no ring)
                                (no ring)

@: blade tentacles, very slow, not resistant to hostile enchantments, quite
stealthy
A: almost no armour, amphibious, 8 rings, constrict 8, fangs 1, camouflage 1,
clever 1, slow regeneration 1, gelatinous body 1
a: End Transformation, Bend Time, Temporal Distortion, Renounce Religion, Evoke
Flight


You were on level 13 of the Dungeon.
You worshipped Cheibriados.
Cheibriados was most pleased with you.
You were not hungry.
You had blades for tentacles.
You visited 2 branches of the dungeon, and saw 14 of its levels.

You collected 531 gold pieces.

Inventory:

Missiles
 a - 13 arrows
Armour
 z - a +1 buckler
Jewellery
 l - a ring of stealth (left scythe-like blade)
 u - a ring of poison resistance (right scythe-like blade)
 y - a ring of stealth (on tentacle)
 H - a ring of flight (on tentacle)
 J - a +3 ring of intelligence (on tentacle)
Wands
 t - a wand of flame (26/48)
 x - a wand of disintegration (7/24)
 E - a wand of disintegration (24/24)
 F - a wand of paralysis (14/24)
 M - a wand of polymorph (2/24)
 O - a wand of flame (12/48)
Scrolls
 d - 2 scrolls of blinking
 e - a scroll of immolation
 i - a scroll of enchant armour
 j - 4 scrolls of teleportation
 p - 2 scrolls of recharging
 G - 3 scrolls of amnesia {unknown}
 K - a scroll of remove curse
Potions
 g - 2 potions of magic
 h - 4 potions of curing
 k - a potion of heal wounds
 m - 2 potions of flight
 n - 5 potions of brilliance
 o - 2 potions of ambrosia
 q - a potion of experience {unknown}
 v - 3 potions of might
 A - a potion of invisibility {unknown}
 D - a potion of lignification {unknown}
 I - a potion of cancellation {unknown}
Books
 b - a book of Changes

   Spells                             Type                      Level
   a - Beastly Appendage              Transmutation                1
   b - Sticks to Snakes               Transmutation                2
   c - Spider Form                    Transmutation/Poison         3
   d - Ice Form                       Ice/Transmutation            4
   e - Blade Hands                    Transmutation                5
 r - a Grand Grimoire

   Spells                             Type                      Level
   a - Monstrous Menagerie            Summoning                    7
   b - Summon Greater Demon           Summoning                    7
   c - Malign Gateway                 Summoning/Translocation      7
   d - Summon Horrible Things         Summoning                    8
Comestibles
 c - 6 bread rations
 f - 11 beef jerkies
 s - 3 chunks of flesh
 w - 2 meat rations


   Skills:
 + Level 6.8 Fighting
 + Level 7.1 Dodging
 + Level 7.6 Unarmed Combat
 + Level 6.2 Spellcasting
 - Level 10.1 Transmutations
 - Level 3.2 Ice Magic
 * Level 4.8 Invocations


You had 7 spell levels left.
You knew the following spells:

 Your Spells              Type           Power        Failure   Level  Hunger
a - Beastly Appendage     Trmt           ######       8%          1    None
b - Sticks to Snakes      Trmt           ######..     8%          2    None
c - Spider Form           Trmt/Pois      #####.....   21%         3    None
d - Ice Form              Ice/Trmt       ######..     28%         4    ##.....
e - Blade Hands           Trmt           ######....   21%         5    #####..


Dungeon Overview and Level Annotations

Branches:
Dungeon (13/15)            Temple (1/1) D:4            Lair (0/8) D:10
    Orc (0/2) D:11
 Vaults: D:13-14

Altars:
Ashenzari
Cheibriados
Dithmenos
Elyvilon
Fedhas
Gozag
Kikubaaqudgha
Makhleb
Nemelex Xobeh
Okawaru
Pakellas
Qazlal
Ru
Sif Muna
Trog
Vehumet
Xom
Zin
The Shining One

Shops:
D:4 (

Annotations:
D:8 exclusions: killer bee and 1 more exclusion, Erica
D:11 Urug


Innate Abilities, Weirdness & Mutations

You cannot wear most types of armour.
You are amphibious.
You can wear up to eight rings at the same time.
You can use your tentacles to constrict eight enemies at once.
Your skin changes colour to match your surroundings (Stealth).
Your rubbery body absorbs attacks (AC +1).
You have very sharp teeth.
Your mind is acute. (Int +2)
You regenerate slowly when monsters are visible.


Message History

Casting: Blade Hands
Confirm with . or Enter, or press ? or * to list all spells.
Okay, then.
Found a leatherbound book.
Found a war axe.
Found 3 javelins of penetration.
Casting: Blade Hands
Confirm with . or Enter, or press ? or * to list all spells.
Your tentacles turn into razor-sharp scythe blades.
The hill giant shouts!
The hill giant hits you with a giant club!!
You shred the hill giant!!!
You slash the hill giant, but do no damage.
The hill giant is severely wounded.
The hill giant hits you with a giant club!!
* * * LOW HITPOINT WARNING * * *
You hit the hill giant.
The hill giant is severely wounded.
The hill giant hits you with a giant club!!
You die...

....#######........
.......#.....'....>...
.......#.....#.#######
.......#.....#.'.....+
.......#.....#.#.....#
.......#.....#.#.....#
.......#.....+.#.....#
#...C#######.#.....#
#)...@.......#.....#
#............####++#
#...............:
#.................
.^............#####
...............#
.(.............#
...............#


You could see a hill giant.

Vanquished Creatures
  A deep elf mage (D:10)
  2 centaur skeletons
  A tengu conjurer (D:12)
  2 trolls (D:12)
  3 slime creatures (D:12)
  3 yaks (D:12)
  A wraith (D:10)
  2 wyverns
  4 hippogriffs
  A basilisk (D:11)
  5 orc warriors
  3 porcupines
  2 ice beasts
  3 sky beasts
  A phantom (D:8)
  5 centaurs
  5 ogres
  A big kobold (D:9)
  6 giant frogs
  A wyvern skeleton (D:12)
  3 scorpions
  A jelly (D:12)
  4 killer bees (D:9)
  9 wights
  4 howler monkeys
  3 crimson imps
  2 giant frog skeletons
  4 hounds
  An iron imp (D:9)
  6 orc priests
  9 orc wizards
  Ijyb (D:2)
  6 iguanas
  7 worker ants
  A hell rat (D:10)
  A worker ant zombie (D:10)
  13 gnolls
  10 adders
  2 shadow imps
  An ooze (D:4)
  2 adder skeletons
  A worm (D:2)
  A giant gecko (D:5)
  45 orcs
  4 ball pythons
  9 bats
  6 giant cockroaches
  13 goblins
  6 hobgoblins
  12 jackals
  5 quokkas
  A giant cockroach zombie (D:5)
  2 giant newts
  2 jackal skeletons
  7 kobolds
  A quokka skeleton (D:4)
  A quokka zombie (D:6)
  7 rats
265 creatures vanquished.

Vanquished Creatures (collateral kills)
  A komodo dragon (D:12)
  A troll (D:12)
  2 yaks (D:12)
  An orc warrior (D:10)
  3 ogres
  A giant frog (D:10)
  5 wights
  A jelly (D:6)
  A hound (D:10)
  An orc wizard (D:10)
  An iguana (D:12)
  2 hell rats (D:10)
  A gnoll (D:6)
  A river rat (D:10)
  4 orcs
26 creatures vanquished.

Vanquished Creatures (others)
  A centaur zombie (D:7)
1 creature vanquished.

Grand Total: 292 creatures vanquished

Notes
Turn   | Place    | Note
--------------------------------------------------------------
     0 | D:1      | oplop the Octopode Transmuter began the quest for the Orb.
     0 | D:1      | Reached XP level 1. HP: 13/13 MP: 3/3
   125 | D:1      | Reached XP level 2. HP: 16/18 MP: 5/5
   579 | D:2      | Reached XP level 3. HP: 7/23 MP: 4/6
   918 | D:2      | Noticed Ijyb
  1175 | D:2      | Killed Ijyb
  1175 | D:2      | Reached skill level 3 in Transmutations
  1175 | D:2      | Reached XP level 4. HP: 21/29 MP: 5/7
  1209 | D:2      | Learned a level 2 spell: Sticks to Snakes
  1301 | D:2      | Learned a level 3 spell: Spider Form
  1896 | D:3      | Noticed an ice beast
  2004 | D:3      | Reached XP level 5. HP: 34/34 MP: 6/8
  2953 | D:4      | Reached XP level 6. HP: 25/39 MP: 9/9
  3124 | D:4      | Reached skill level 4 in Transmutations
  3407 | D:4      | Found Egid's Antique Weapon Shoppe.
  3501 | D:4      | Found a staircase to the Ecumenical Temple.
  3515 | Temple   | Entered the Ecumenical Temple
  3739 | D:5      | Entered Level 5 of the Dungeon
  3963 | D:5      | Reached XP level 7. HP: 45/45 MP: 0/11
  4310 | D:5      | Reached skill level 5 in Transmutations
  4932 | D:6      | Reached XP level 8. HP: 27/52 MP: 6/12
  5270 | D:6      | Reached skill level 6 in Transmutations
  5450 | D:6      | Found an iron altar of Okawaru.
  5628 | D:7      | Reached skill level 5 in Unarmed Combat
  5689 | D:7      | Noticed an air elemental
  5690 | D:7      | Noticed a water elemental
  5692 | D:7      | Found a stormy altar of Qazlal.
  5933 | D:7      | Learned a level 4 spell: Ice Form
  6206 | D:7      | Reached skill level 1 in Ice Magic
  6257 | D:7      | Found an opulent altar of Gozag.
  6326 | D:7      | Reached skill level 7 in Transmutations
  6359 | D:7      | Reached XP level 9. HP: 58/58 MP: 10/15
  6790 | D:8      | Reached skill level 5 in Dodging
  7648 | D:8      | Noticed Erica
  8013 | D:9      | Reached skill level 8 in Transmutations
  8042 | D:9      | Found a sacrificial altar of Ru.
  8057 | D:9      | Reached skill level 5 in Fighting
  8187 | D:9      | Found a burning altar of Makhleb.
  8190 | D:9      | Found a sparkling altar of Nemelex Xobeh.
  8192 | D:9      | Found a blossoming altar of Fedhas.
  8520 | D:9      | Reached XP level 10. HP: 66/66 MP: 13/17
  8524 | D:9      | Found a shadowy altar of Dithmenos.
  8838 | D:9      | Reached skill level 5 in Spellcasting
  8877 | D:9      | Found a snail-covered altar of Cheibriados.
  9014 | D:9      | Became a worshipper of Cheibriados the Contemplative
  9068 | D:10     | Entered Level 10 of the Dungeon
  9158 | D:10     | Learned a level 5 spell: Blade Hands
  9326 | D:10     | Noticed a deep elf mage
  9337 | D:10     | Killed a deep elf mage
  9337 | D:10     | Reached skill level 9 in Transmutations
  9677 | D:9      | Reached * piety under Cheibriados
  9934 | D:9      | Gained mutation: You have very sharp teeth. [potion of mutation]
  9934 | D:9      | Gained mutation: Your mind is acute. (Int +2) [potion of mutation]
  9934 | D:9      | Gained mutation: You regenerate slowly when monsters are visible. [potion of mutation]
 10249 | D:10     | Reached skill level 1 in Invocations
 10723 | D:10     | Reached ** piety under Cheibriados
 10746 | D:10     | Found a staircase to the Lair.
 11053 | D:11     | Noticed Urug
 11090 | D:11     | Found a bloodstained altar of Trog.
 11103 | D:11     | Found a staircase to the Orcish Mines.
 11354 | D:11     | Noticed a hill giant
 11502 | D:12     | Reached XP level 11. HP: 43/72 MP: 15/19
 11505 | D:12     | Reached *** piety under Cheibriados
 12035 | D:12     | Reached skill level 10 in Transmutations
 12333 | D:12     | Found a burning altar of Makhleb.
 13143 | D:13     | Noticed a hill giant
 13152 | D:13     | Slain by a hill giant

Skill      XL: |  1  2  3  4  5  6  7  8  9 10 11 |
---------------+----------------------------------+-----
Transmutations | 3 4 5 7 8 9 10 | 10.1
Dodging        | 3 4 5 6 7 |  7.1
Fighting       | 2 3 4 5 6 |  6.8
Unarmed Combat | 4 5 6 7 |  7.6
Spellcasting   | 3 4 5 6 |  6.2
Ice Magic      | 1 3 |  3.2
Invocations    | 3 4 |  4.8

Action                   |  1- 3 |  4- 6 |  7- 9 | 10-12 || total
-------------------------+-------+-------+-------+-------++-------
Melee: Unarmed           |    66 |   175 |   337 |   318 ||   896
       Constrict         |    18 |    36 |    13 |    10 ||    77
       Tentacles         |    10 |    20 |     6 |    10 ||    46
       Kick              |     8 |    32 |       |       ||    40
       Punch             |     1 |     7 |     1 |     5 ||    14
       Bite              |       |       |       |     7 ||     7
 Cast: Beastly Appendage |    13 |    24 |       |       ||    37
       Spider Form       |       |     7 |    37 |    14 ||    58
       Sticks to Snakes  |       |     3 |    21 |    28 ||    52
       Ice Form          |       |       |     9 |    19 ||    28
       Blade Hands       |       |       |       |     2 ||     2
 Abil: End Transformatio |       |       |     1 |     2 ||     3
Evoke: Wand              |       |       |     2 |     1 ||     3
  Use: Scroll            |       |       |     1 |    22 ||    23
       Potion            |       |       |     1 |     3 ||     4
 Stab: Sleeping          |     5 |    11 |    12 |     6 ||    34
       Distracted        |       |       |     5 |     5 ||    10
  Eat: Chunk             |     1 |    10 |    10 |     2 ||    23
       Royal jelly       |       |       |     1 |       ||     1
       Pizza             |       |       |     4 |     2 ||     6
       Meat ration       |       |       |     1 |     1 ||     2
Armor: Skin              |     3 |    16 |    32 |    64 ||   115
Dodge: Dodged            |    50 |    84 |   272 |   246 ||   652
